 Dungeon Sprint DCSS version 0.30-a0-465-g8901f6c8b5 (webtiles) character file.

Game seed: 10148847491811978448

108497 mhtbhm the Minotaur Barricade (level 16, -5/168 HPs)
             Began as a Minotaur Fighter on Dec 18, 2022.
             Was the Champion of Makhleb.
             Slain by a storm dragon (6 damage)
             ... in the Dungeon (Sprint V: "Ziggurat Sprint").
             The game lasted 00:21:41 (2573 turns).

mhtbhm the Minotaur Barricade (Minotaur Fighter)    Turns: 2573, Time: 00:21:42

Health: -5/168     AC: 54    Str: 35    XL:     16   Next: 2%
Magic:  29/31      EV:  5    Int:  6    God:    Makhleb [******]
Gold:   0          SH: 40    Dex: 10    Spells: 13/15 levels left

rFire   + + .      SeeInvis +    a - +12 lance "Wyrmbane" {slay drac, rPois rF+ rC+ AC+3}
rCold   + + +      Faith    .    c - +18 shield of the Gong {rElec rN+ Will+ EV-5}
rNeg    + . .      Spirit   .    b - +15 Maxwell's patent armour {-Cast -Tele rElec Will+ rCorr}
rPois   +          Reflect  +    H - +3 crown of Dyrovepreva {rElec Int+2 SInv}
rElec   +          Harm     .    P - +2 cloak of the Thief {*Fog Slay-2 SInv Stlth+}
rCorr   +          Rampage  .    D - +2 pair of gloves {hurl}
Will    ++++.      NoTele   +    E - +4 pair of boots "Hocs" {+Blink Will+ Regen+ Int-3}
Stlth   ++........ NoCast   +    F - amulet of reflection
HPRegen 1.28/turn                J - ring of the Keeping Coward {Str+8 Int+6 Dex+2}
MPRegen 0.22/turn                O - ring of Wupsez {rF+ rC++ Dex-4}

@: mighty, studying Stealth
A: horns 2, retaliatory headbutt, dopey 2, wild magic 1
a: Renounce Religion, Evoke Blink, Minor Destruction, Lesser Servant of Makhleb,
Major Destruction, Greater Servant of Makhleb


You were in the Dungeon.
You worshipped Makhleb.
Makhleb was exalted by your worship.
You visited 1 branch

Inventory:

Hand Weapons
 a - the +12 lance "Wyrmbane" (weapon) {slay drac, rPois rF+ rC+ AC+3}
   (You found it in the Dungeon)

   It inflicts extra damage against dragons and draconians.
   AC:        It affects your AC (+3).
   rF:        It protects you from fire.
   rC:        It protects you from cold.
   rPois:     It protects you from poison.
Missiles
 A - 2 silver javelins (quivered)
Armour
 b - the +15 Maxwell's patent armour (worn) {-Cast -Tele rElec Will+ rCorr}
   (You found it in the Dungeon)

   rElec:     It insulates you from electricity.
   -Cast:     It prevents spellcasting.
   -Tele:     It prevents most forms of teleportation.
   rCorr:     It protects you from acid and corrosion.
   Will:      It increases your willpower.
 c - the +18 shield of the Gong (worn) {rElec rN+ Will+ EV-5}
   (You found it in the Dungeon)

   It is deafeningly noisy when blocking attacks.
   EV:        It affects your evasion (-5).
   rElec:     It insulates you from electricity.
   rN:        It protects you from negative energy.
   Will:      It increases your willpower.
 D - a +2 pair of gloves of hurling (worn)
 E - the +4 pair of boots "Hocs" (worn) {+Blink Will+ Regen+ Int-3}
   (You found it in the Dungeon)

   Int:       It affects your intelligence (-3).
   +Blink:    It lets you blink.
   Regen:     It increases your rate of health regeneration.
   Will:      It increases your willpower.
 H - the +3 crown of Dyrovepreva (worn) {rElec Int+2 SInv}
   (You found it in the Dungeon)

   Int:       It affects your intelligence (+2).
   rElec:     It insulates you from electricity.
   SInv:      It lets you see invisible.
 P - the +2 cloak of the Thief (worn) {*Fog Slay-2 SInv Stlth+}
   (You found it in the Dungeon)

   It may release a thick cloud of smoke when the wearer is hurt.
   Slay:      It affects your accuracy & damage with ranged weapons and melee
   (-2).
   SInv:      It lets you see invisible.
   Stlth:     It makes you more stealthy.
Jewellery
 w - the ring of Orifyiwaj {rElec rC+ Dex+3 SInv}
   (You found it in the Dungeon)

   [ring of see invisible]

   Dex:       It affects your dexterity (+3).
   rC:        It protects you from cold.
   rElec:     It insulates you from electricity.
   SInv:      It lets you see invisible.
 z - a ring of positive energy
 B - the ring "Nyuschina" {rF+ rN+}
   (You found it in the Dungeon)

   [ring of positive energy]

   rF:        It protects you from fire.
   rN:        It protects you from negative energy.
 F - an amulet of reflection (around neck)
 J - the ring of the Keeping Coward (left hand) {Str+8 Int+6 Dex+2}
   (You found it in the Dungeon)

   [ring of intelligence]

   Str:       It affects your strength (+8).
   Int:       It affects your intelligence (+6).
   Dex:       It affects your dexterity (+2).
 K - a ring of resist corrosion
 O - the ring of Wupsez (right hand) {rF+ rC++ Dex-4}
   (You found it in the Dungeon)

   [ring of protection from fire]

   Dex:       It affects your dexterity (-4).
   rF:        It protects you from fire.
   rC:        It greatly protects you from cold.
Wands
 s - a wand of mindburst (7)
 t - a wand of iceblast (7)
 u - a wand of acid (7)
Scrolls
 j - 4 scrolls of blinking
 o - 4 scrolls of amnesia
 p - 7 scrolls of fog
 q - 5 scrolls of identify
 r - 2 scrolls of fear
 y - 3 scrolls of brand weapon
 M - 4 scrolls of enchant weapon
 N - 4 scrolls of enchant armour
Potions
 d - 4 potions of might
 e - 9 potions of curing
 f - 12 potions of heal wounds
 g - 9 potions of haste
 h - 7 potions of magic
 i - a potion of berserk rage
 k - 2 potions of brilliance
 l - 2 potions of invisibility
 m - 4 potions of resistance
 n - a potion of experience
Miscellaneous
 v - a phantom mirror
 x - a tin of tremorstones (2/2)
 C - a lightning rod (4/4)
 G - a box of beasts
 I - a condenser vane


   Skills:
 + Level 21.8 Fighting
 + Level 22.4 Polearms
 + Level 21.1 Armour
 + Level 4.7 Dodging
 + Level 13.1 Stealth
 O Level 27 Shields
 * Level 24.1 Invocations
 + Level 14.6 Evocations


You had 13 spell levels left.
You knew the following spells:

 Your Spells              Type           Power      Damage    Failure   Level
a - Wereblood             Tmut           0%         N/A       96%         2

Your spell library contained the following spells:

 Spells                   Type           Power      Damage    Failure   Level
 Beastly Appendage        Tmut           0%         N/A       89%         1
 Foxfire                  Conj/Fire      0%         2x1d4     89%         1
 Kiss of Death            Conj/Necr      0%         2d5       89%         1
 Necrotise                Necr           0%         1d4       89%         1
 Blink                    Tloc           0%         N/A       96%         2
 Cigotuvi's Dreadful Rot  Necr/Pois/Air  0%         N/A       96%         2
 Ensorcelled Hibernation  Hex/Ice        0%         N/A       96%         2
 Momentum Strike          Conj/Tloc      0%         3d8       96%         2
 Passwall                 Tmut/Erth      0%         N/A       96%         2
 Poisonous Vapours        Pois/Air       0%         N/A       96%         2
 Scorch                   Fire           0%         2d5       96%         2
 Searing Ray              Conj           0%         2d4       96%         2
 Call Canine Familiar     Summ           0%         N/A       99%         3
 Confusing Touch          Hex            0%         N/A       99%         3
 Inner Flame              Hex/Fire       0%         N/A       99%         3
 Lesser Beckoning         Tloc           0%         N/A       99%         3
 Ozocubu's Armour         Ice            0%         N/A       99%         3
 Portal Projectile        Hex/Tloc       0%         N/A       99%         3
 Spider Form              Tmut/Pois      0%         N/A       99%         3
 Summon Guardian Golem    Hex/Summ       0%         N/A       99%         3
 Swiftness                Air            0%         N/A       99%         3
 Tukima's Dance           Hex            0%         N/A       99%         3
 Vampiric Draining        Necr           0%         2d6       99%         3
 Anguish                  Hex/Necr       0%         N/A       100%        4
 Cause Fear               Hex            0%         N/A       100%        4
 Dispel Undead            Necr           0%         3d6       100%        4
 Flame Wave               Conj/Fire      0%         2d4       100%        4
 Leda's Liquefaction      Hex/Erth       0%         N/A       100%        4
 Olgreb's Toxic Radiance  Pois           0%         N/A       100%        4
 Passage of Golubria      Tloc           0%         N/A       100%        4
 Petrify                  Tmut/Erth      0%         N/A       100%        4
 Agony                    Necr           0%         N/A       100%        5
 Alistair's Intoxication  Tmut/Pois      0%         N/A       100%        5
 Borgnjor's Vile Clutch   Necr/Erth      0%         N/A       100%        5
 Fireball                 Conj/Fire      0%         3d3       100%        5
 Freezing Cloud           Conj/Ice/Air   0%         6-21      100%        5
 Iskenderun's Battlesphe  Conj           0%         2d6       100%        5
 Lee's Rapid Deconstruct  Erth           0%         3d4*      100%        5
 Metabolic Englaciation   Hex/Ice        0%         N/A       100%        5
 Summon Forest            Summ/Tloc      0%         N/A       100%        5
 Summon Mana Viper        Hex/Summ       0%         N/A       100%        5
 Conjure Ball Lightning   Conj/Air       0%         3x3d7     100%        6
 Death Channel            Necr           0%         N/A       100%        6
 Dispersal                Tloc           0%         N/A       100%        6
 Eringya's Noxious Bog    Tmut/Pois      0%         N/A       100%        6
 Simulacrum               Ice/Necr       0%         N/A       100%        6
 Starburst                Conj/Fire      0%         6d3       100%        6
 Statue Form              Tmut/Erth      0%         N/A       100%        6
 Summon Cactus Giant      Summ           0%         N/A       100%        6
 Dragon Form              Tmut           0%         N/A       100%        7
 Enfeeble                 Hex            0%         N/A       100%        7
 Malign Gateway           Summ/Tloc      0%         N/A       100%        7
 Orb of Destruction       Conj           0%         9d5       100%        7
 Ozocubu's Refrigeration  Ice            0%         4d7       100%        7
 Discord                  Hex            0%         N/A       100%        8
 Disjunction              Tloc           0%         N/A       100%        8
 Ignition                 Fire           0%         3d3       100%        8
 Necromutation            Tmut/Necr      0%         N/A       100%        8
 Summon Horrible Things   Summ           0%         N/A       100%        8
 Chain Lightning          Conj/Air       0%         N/A       100%        9
 Death's Door             Necr           0%         N/A       100%        9
 Dragon's Call            Summ           0%         N/A       100%        9
 Fire Storm               Conj/Fire      0%         5d1       100%        9
 Shatter                  Erth           0%         3d5*      100%        9


Dungeon Overview and Level Annotations

Branches:
Dungeon (1/1)

Altars:
Ashenzari
Cheibriados
Dithmenos
Elyvilon
Fedhas
Gozag
Hepliaklqana
Kikubaaqudgha
Makhleb
Nemelex Xobeh
Okawaru
Qazlal
Ru
Sif Muna
Trog
Uskayaw
Vehumet
Wu Jian
Xom
Yredelemnul
Zin
The Shining One
Jiyva
Lugonu


Innate Abilities, Weirdness & Mutations

You have a pair of horns on your head.
You reflexively headbutt those who attack you in melee.
You are very dopey. (Int -4)
Your spells are a little harder to cast, but a little more powerful.


Message History

SHROANNG!
The titan is engulfed in poison gas.
The titan looks as sick as possible!
The electric golem hurls lightning at you.
The bolt of lightning misses you.
The bolt of lightning hits the storm dragon.
The storm dragon completely resists.
The storm dragon bites you but does no damage.
The storm dragon claws you but does no damage.
The storm dragon tramples you but does no damage.
You block the electric golem's attack.
GONNNNG!
The electric golem hits you but does no damage.
You block the electric golem's attack.
SHROANNG!
You block the electric golem's attack.
GONNNNG!
You hear a shout!
You feel very mighty all of a sudden.
The electric golem hurls lightning at your green death.
The bolt of lightning hits your green death!!
The electric golem blinks!
The electric golem hits you.
* * * LOW HITPOINT WARNING * * *
The electric golem shocks you. You resist.
* * * LOW HITPOINT WARNING * * *
The electric golem hits you!
* * * LOW HITPOINT WARNING * * *
The electric golem shocks you. You resist.
* * * LOW HITPOINT WARNING * * *
You block the electric golem's attack.
GONNNNG!
You block the electric golem's attack.
BONNNG!
The titan is engulfed in poison gas.
The titan looks as sick as possible!
The titan waves its arms in wide circles.
The air twists around and strikes you!!
* * * LOW HITPOINT WARNING * * *
You block the titan's attack.
GONNNNG!
The storm dragon bites you but does no damage.
The storm dragon claws you.
You die...

▓......8
.§§§§§§§§§§§§§.
▓..}.)||
.§§☼§§§§§§§§§§.
▓..}}|.}
▓..§§§§§§☼§§§§§§.
▓......)
▓...§§§.§§§......
▓.......
▓.....C.§§§†[....
▓......)
▓................
▓.......
▓.......CCD2.....
▓.......
▓......§9@9C.....
▓.......
▓......§9§§§.....
▓.......
..▓..§§§§§..▓..
▓...▓...
▓▓.......▓▓
▓..▓▓▓..
..▓..§......▓..
▓...▓...
▓................
▓.......
▓........©.......
▓.......
▓▓▓▓▓▓▓▓▓▓▓▓▓▓▓▓▓
▓▓▓▓▓▓▓▓ ▓......8


You could see 3 electric golems, 4 titans, a storm dragon (very poisoned,
catching breath) and a friendly green death (summoned).

Vanquished Creatures
  A dread lich (D)
  A caustic shrike (D)
  4 electric golems (D)
  A hellephant (D)
  A lich (D)
  3 titans (D)
  2 acid blobs (D)
  2 deep elf master archers (D)
  4 ancient champions (D)
  2 tentacled starspawn (D)
  3 storm dragons (D)
  A pandemonium lord (D)
  A rockslime (D)
  2 fire giants (D)
  2 balrugs (D)
  A frost giant (D)
  An azure jelly (D)
  A ghoul (D)
  6 spriggan defenders (D)
  3 war gargoyles (D)
  A black draconian (D)
  2 vampire knights (D)
  A purple draconian (D)
  A merfolk javelineer (D)
  A merfolk impaler (D)
  3 great orbs of eyes (D)
  3 deep elf high priests (D)
  A catoblepas (D)
  4 salamander tyrants (D)
  A hydra (D)
  2 merfolk aquamancers (D)
  11 spriggan air magi (D)
  A dancing weapon (D)
  5 two-headed ogres (D)
  5 hell hogs (D)
  A death yak (D)
  3 spriggan berserkers (D)
  2 vampire magi (D)
  4 thrashing horrors (D)
  A wretched star (D)
  A deep elf knight (D)
  2 skeletal warriors (D)
  A spriggan druid (D)
  A glowing orange brain (D)
  2 deep elf zephyrmancers (D)
  A deep elf pyromancer (D)
  An ugly thing (D)
  3 necromancers (D)
  3 draconians (D)
  An elephant (D)
  A manticore (D)
  3 large abominations (D)
  5 cyclopes (D)
  A merfolk siren (D)
  A rust devil (D)
  A torpor snail (D)
  A water nymph (D)
  An eye of devastation (D)
  An apocalypse crab (D)
  6 cane toads (D)
  2 hellions (D)
  2 komodo dragons (D)
  A tormentor (D)
  2 merfolk (D)
  3 trolls (D)
  9 wind drakes (D)
  An ancient zyme (D)
  2 blink frogs (D)
  A meliai (shapeshifter) (D)
  5 slime creatures (D)
  A dream sheep (D)
  2 ynoxinuls (D)
  5 shadows (D)
  6 air elementals (D)
  2 yaks (D)
  A vampire (D)
  A wyvern (D)
  A fire elemental (D)
  A golden eye (D)
  A small abomination (D)
  A basilisk (D)
  3 chaos spawn (D)
  2 neqoxecs (D)
  A naga (D)
  A hell hound (D)
  A floating eye (D)
  3 water moccasins (D)
  3 wolves (D)
  4 ogres (D)
  3 bullfrogs (D)
  4 necrophages (D)
  2 earth elementals (D)
  6 wights (D)
  4 crimson imps (D)
  A starcursed mass (D)
  A quasit (D)
  4 jellies (D)
  An iron imp (D)
  A river rat (D)
  3 adders (D)
  3 white imps (D)
  2 ufetubi (D)
  An adder zombie (D)
  3 bat skeletons (D)
  A bat zombie (D)
  3 endoplasms (D)
  A jackal (D)
  A ball python (D)
  A ball python skeleton (D)
  2 ball python zombies (D)
  A giant cockroach zombie (D)
  A quokka skeleton (D)
  A quokka zombie (D)
  4 fire vortices (D)
  5 starspawn tentacles (D)
260 creatures vanquished.

Vanquished Creatures (collateral kills)
  A quicksilver elemental (D)
  An iron golem (D)
  An entropy weaver (shapeshifter) (D)
  A dancing weapon (D)
  A smoke demon (D)
  A hellion (D)
  A troll (shapeshifter) (D)
  A tarantella (shapeshifter) (D)
  2 neqoxecs (D)
  7 starcursed masses (D)
17 creatures vanquished.

Vanquished Creatures (others)
  A fire giant (D)
  2 starspawn tentacles (D)
3 creatures vanquished.

Grand Total: 280 creatures vanquished

Notes
Turn   | Place    | Note
-------+----------+-------------------------------------------
     0 | D        | mhtbhm the Minotaur Fighter began the quest for the Orb.
     0 | D        | Reached XP level 1. HP: 19/19 MP: 0/0
     0 | D        | Found a shimmering blue altar of Sif Muna.
     0 | D        | Found a bloodstained altar of Trog.
     0 | D        | Found a sacrificial altar of Ru.
     0 | D        | Found a stormy altar of Qazlal.
     0 | D        | Found an iron altar of Okawaru.
     1 | D        | Found a sparkling altar of Nemelex Xobeh.
     1 | D        | Found a blossoming altar of Fedhas.
     1 | D        | Found the +6 Majin-Bo {vamp, MP+6 Int+6}
     1 | D        | Found the +27 heavy crossbow "Sniper" {vorpal, Acc+∞ SInv}
     1 | D        | Found the +10 dark maul {vorpal}
     1 | D        | Found the +15 Maxwell's patent armour {-Cast -Tele rElec
                  | Will+ rCorr}
     1 | D        | Found the +18 shield of the Gong {rElec rN+ Will+ EV-5}
     1 | D        | Found the +14 obsidian axe {vorpal, Mesm Drain Fly SInv}
     1 | D        | Found the +7 great mace "Firestarter" {inner flame, rF++}
     1 | D        | Found the +6 shillelagh "Devastator" {shatter}
     1 | D        | Found the +11 plutonium sword {Contam Stlth-}
     1 | D        | Found the +8 lance "Wyrmbane" {slay drac, rPois rF+ rC+
                  | AC+3}
     1 | D        | Found the +9 sword of Zonguldrok {reap}
     1 | D        | Found the +13 scythe of Curses {drain, Drain}
     1 | D        | Found the +5 sword of Power {vorpal}
     1 | D        | Found the +7 mace of Variability {chain chaos}
     1 | D        | Found the +7 Singing Sword {vorpal, sonic wave}
     1 | D        | Found the +8 storm bow {elec, penet}
     3 | D        | Found a transporter.
     3 | D        | Found an ancient bone altar of Kikubaaqudgha.
     3 | D        | Found a viscous altar of Jiyva.
     3 | D        | Found a corrupted altar of Lugonu.
     3 | D        | Found a hazy altar of Hepliaklqana.
     3 | D        | Found a burning altar of Makhleb.
     3 | D        | Found an opulent altar of Gozag.
   106 | D        | Became a worshipper of Makhleb the Destroyer
   115 | D        | Entered arena 2.
   115 | D        | Noticed a naga
   115 | D        | Noticed a water moccasin
   115 | D        | Found a transporter.
   120 | D        | Killed a water moccasin
   121 | D        | Reached skill level 6 in Shields
   121 | D        | Reached XP level 2. HP: 30/30 MP: 0/3
   121 | D        | Reached XP level 3. HP: 37/37 MP: 0/4
   121 | D        | Reached XP level 4. HP: 44/44 MP: 0/5
   125 | D        | Killed a naga
   126 | D        | Reached skill level 8 in Shields
   126 | D        | Reached XP level 5. HP: 53/53 MP: 0/7
   187 | D        | Entered arena 3.
   187 | D        | Noticed a ynoxinul
   187 | D        | Found a transporter.
   189 | D        | Reached * piety under Makhleb
   196 | D        | Killed a ynoxinul
   197 | D        | Reached skill level 9 in Shields
   197 | D        | Reached skill level 5 in Invocations
   197 | D        | Reached XP level 6. HP: 54/62 MP: 7/9
   199 | D        | Reached ** piety under Makhleb
   216 | D        | Entered arena 4.
   216 | D        | Noticed a yak
   216 | D        | Found a transporter.
   221 | D        | Reached skill level 10 in Shields
   224 | D        | Killed a yak
   225 | D        | Reached XP level 7. HP: 65/70 MP: 10/10
   227 | D        | Reached skill level 5 in Polearms
   227 | D        | Reached skill level 11 in Shields
   231 | D        | Reached *** piety under Makhleb
   232 | D        | Reached skill level 10 in Armour
   236 | D        | Got the +4 pair of boots "Hocs" {+Blink Will+ Regen+ Int-3}
   336 | D        | Entered arena 5.
   336 | D        | Found a transporter.
   345 | D        | Reached **** piety under Makhleb
   356 | D        | Entered arena 6.
   356 | D        | Noticed a draconian
   356 | D        | Noticed a draconian
   356 | D        | Noticed a draconian
   356 | D        | Noticed a black draconian
   356 | D        | Noticed a purple draconian
   356 | D        | Found a transporter.
   364 | D        | Killed a draconian
   365 | D        | Reached skill level 10 in Fighting
   365 | D        | Reached skill level 12 in Shields
   365 | D        | Reached XP level 8. HP: 79/79 MP: 12/12
   378 | D        | Killed a purple draconian
   379 | D        | Reached skill level 14 in Shields
   381 | D        | Killed a draconian
   382 | D        | Reached skill level 10 in Polearms
   382 | D        | Reached XP level 9. HP: 39/86 MP: 12/14
   383 | D        | Killed a black draconian
   383 | D        | Reached ***** piety under Makhleb
   384 | D        | Reached skill level 15 in Shields
   388 | D        | Killed a draconian
   389 | D        | Reached skill level 10 in Invocations
   436 | D        | Got the ring of Orifyiwaj {rElec rC+ Dex+3 SInv}
   446 | D        | Entered arena 7.
   448 | D        | Found a transporter.
   453 | D        | Reached skill level 16 in Shields
   536 | D        | Entered arena 8.
   536 | D        | Found the +7 captain's cutlass {speed, disarm}
   537 | D        | Found a transporter.
   553 | D        | Reached ****** piety under Makhleb
   554 | D        | Reached XP level 10. HP: 96/96 MP: 16/16
   579 | D        | Entered arena 9.
   579 | D        | Noticed a hell hog
   582 | D        | Found a transporter.
   594 | D        | Killed a hell hog
   595 | D        | Reached skill level 17 in Shields
   611 | D        | Got Sif Muna's Compendium of Unified Frostbite
   623 | D        | Entered arena 10.
   623 | D        | Noticed an entropy weaver
   623 | D        | Noticed a green ugly thing
   625 | D        | Lost intelligence.
   632 | D        | Gained mutation: You are dopey. (Int -2) [a neqoxec]
   638 | D        | Gained mutation: Your spells are a little harder to cast,
                  | but a little more powerful. [a neqoxec]
   639 | D        | Killed an entropy weaver
   640 | D        | Reached skill level 1 in Evocations
   640 | D        | Killed a green ugly thing
   641 | D        | Reached skill level 18 in Shields
   642 | D        | Reached skill level 1 in Dodging
   643 | D        | Gained mutation: You are very dopey. (Int -4) [a neqoxec]
   766 | D        | Found a transporter.
   773 | D        | Got Lom Lobon's Parchment of Arcane Weapons
   776 | D        | Got Lirchaow's Enchiridion on the Maledictive Blaze
   884 | D        | Entered arena 11.
   884 | D        | Noticed a thrashing horror
   884 | D        | Noticed a lich
   885 | D        | Found a transporter.
   898 | D        | Killed a lich
   899 | D        | Reached skill level 19 in Shields
   899 | D        | Reached XP level 11. HP: 104/105 MP: 17/19
   902 | D        | Killed a thrashing horror
   933 | D        | Got the ring of the Keeping Coward {Str+8 Int+6 Dex+2}
   952 | D        | Entered arena 12.
   952 | D        | Noticed a merfolk impaler
   952 | D        | Noticed a merfolk aquamancer
   952 | D        | Noticed a merfolk aquamancer
   956 | D        | Noticed a merfolk javelineer
   957 | D        | Reached skill level 20 in Shields
   957 | D        | Killed a merfolk aquamancer
   960 | D        | Killed a merfolk aquamancer
   960 | D        | Killed a merfolk impaler
   961 | D        | Reached skill level 21 in Shields
   962 | D        | Killed a merfolk javelineer
  1067 | D        | Found a transporter.
  1138 | D        | Entered arena 13.
  1138 | D        | Found the +12 pair of quick blades "Gyre" and "Gimble"
                  | {protect}
  1138 | D        | Noticed a spriggan air mage
  1138 | D        | Noticed a spriggan air mage
  1138 | D        | Noticed a spriggan air mage
  1138 | D        | Noticed a storm dragon
  1138 | D        | Noticed a spriggan air mage
  1138 | D        | Noticed a storm dragon
  1138 | D        | Paralysed by an air elemental for 1 turns
  1140 | D        | Killed a spriggan air mage
  1140 | D        | Killed a spriggan air mage
  1141 | D        | Reached skill level 22 in Shields
  1141 | D        | Killed a spriggan air mage
  1141 | D        | Killed a spriggan air mage
  1142 | D        | Reached skill level 23 in Shields
  1142 | D        | Reached XP level 12. HP: 116/116 MP: 19/21
  1145 | D        | Paralysed by an air elemental for 1 turns
  1150 | D        | Paralysed by an air elemental for 1 turns
  1164 | D        | Killed a storm dragon
  1170 | D        | Killed a storm dragon
  1174 | D        | Found a transporter.
  1227 | D        | Entered arena 14.
  1228 | D        | Noticed a quicksilver elemental
  1228 | D        | Noticed an ancient champion
  1228 | D        | Noticed a war gargoyle
  1228 | D        | Noticed a dread lich
  1228 | D        | Noticed a war gargoyle
  1229 | D        | Noticed an ancient champion
  1229 | D        | Noticed an ancient champion
  1229 | D        | Noticed an ancient champion
  1229 | D        | Noticed a war gargoyle
  1229 | D        | Noticed an iron golem
  1229 | D        | Noticed a caustic shrike
  1242 | D        | Noticed a reaper
  1251 | D        | Killed a war gargoyle
  1279 | D        | Killed a dread lich
  1280 | D        | Reached skill level 24 in Shields
  1280 | D        | Reached skill level 15 in Invocations
  1288 | D        | Killed an ancient champion
  1289 | D        | Reached skill level 15 in Polearms
  1289 | D        | Reached skill level 25 in Shields
  1329 | D        | Killed an iron golem
  1340 | D        | Killed a caustic shrike
  1345 | D        | Killed a quicksilver elemental
  1346 | D        | Reached XP level 13. HP: 63/125 MP: 22/24
  1348 | D        | Killed an ancient champion
  1349 | D        | Reached skill level 26 in Shields
  1353 | D        | Killed an ancient champion
  1356 | D        | Killed a war gargoyle
  1361 | D        | Killed a war gargoyle
  1372 | D        | Killed an ancient champion
  1373 | D        | Reached skill level 15 in Fighting
  1380 | D        | Found a transporter.
  1393 | D        | Got the ring "Nyuschina" {rF+ rN+}
  1407 | D        | Entered arena 15.
  1408 | D        | Noticed a deep elf master archer
  1408 | D        | Noticed a deep elf master archer
  1408 | D        | Found the +12 glaive of Prune {vorpal}
  1429 | D        | Reached skill level 27 in Shields
  1432 | D        | Reached skill level 1 in Stealth
  1436 | D        | Found a transporter.
  1440 | D        | Killed a deep elf master archer
  1441 | D        | Killed a deep elf master archer
  1442 | D        | Reached skill level 15 in Armour
  1442 | D        | Reached skill level 5 in Evocations
  1570 | D        | Got the Directory of the Filthy Mortuary
  1581 | D        | Entered arena 16.
  1583 | D        | Noticed a vampire knight
  1594 | D        | Killed a vampire knight
  1672 | D        | Found a transporter.
  1717 | D        | Entered arena 17.
  1720 | D        | Noticed a fire giant
  1720 | D        | Noticed a fire giant
  1720 | D        | Noticed a hellephant
  1721 | D        | Identified the ring "Zaveniuma" {Drain rF+ rN+ Dex+6}
  1721 | D        | Noticed a fire giant
  1724 | D        | Noticed a balrug
  1729 | D        | Killed a fire giant
  1730 | D        | Reached skill level 5 in Stealth
  1730 | D        | Reached XP level 14. HP: 70/138 MP: 26/26
  1741 | D        | Killed a hellephant
  1743 | D        | Killed a fire giant
  1753 | D        | Killed a fire giant
  1757 | D        | Killed a balrug
  1766 | D        | Found a transporter.
  1802 | D        | Got the Quarto of Mastery
  1833 | D        | Entered arena 18.
  1836 | D        | Noticed a frost giant
  1847 | D        | Killed a frost giant
  1851 | D        | Found a transporter.
  1907 | D        | Entered arena 19.
  1910 | D        | Noticed a ghoul
  1910 | D        | Noticed a vampire knight
  1919 | D        | Killed a ghoul
  1925 | D        | Found a transporter.
  1943 | D        | Killed a vampire knight
  2005 | D        | Got A Thorough Guide to Witchcraft
  2064 | D        | Entered arena 20.
  2069 | D        | Noticed an azure jelly
  2069 | D        | Found the +3 robe of Clouds {*Thunder rCloud rElec}
  2071 | D        | Noticed a rockslime
  2071 | D        | Noticed an acid blob
  2071 | D        | Noticed an acid blob
  2072 | D        | Killed an azure jelly
  2073 | D        | Killed an acid blob
  2078 | D        | Found a transporter.
  2082 | D        | Killed an acid blob
  2105 | D        | Killed a rockslime
  2106 | D        | Reached skill level 10 in Evocations
  2159 | D        | Got the Secrets of Spellbinding Wanderlust
  2189 | D        | Entered arena 21.
  2193 | D        | Noticed a tentacled starspawn
  2194 | D        | Noticed a tentacled starspawn
  2194 | D        | Noticed a starcursed mass
  2194 | D        | Found the +3 crown of Dyrovepreva {rElec Int+2 SInv}
  2194 | D        | Noticed a balrug
  2196 | D        | Noticed Lunwuv the pandemonium lord
  2196 | D        | Killed a tentacled starspawn
  2197 | D        | Reached XP level 15. HP: 145/152 MP: 28/28
  2198 | D        | Killed a tentacled starspawn
  2204 | D        | Reached skill level 10 in Stealth
  2222 | D        | Killed Lunwuv the pandemonium lord
  2264 | D        | Found the +2 cloak of the Thief {*Fog Slay-2 SInv Stlth+}
  2265 | D        | Found a transporter.
  2303 | D        | Got the ring of Wupsez {rF+ rC++ Dex-4}
  2332 | D        | Entered arena 22.
  2338 | D        | Identified the ring "Cyvic" {Will- Str+3 Int+4 SInv Stlth+}
  2469 | D        | Found a transporter.
  2490 | D        | Got the ring of Departure {rN+ Will+ AC+4 Dex-3 SInv}
  2494 | D        | Got the ring "Acoump" {rElec rF+ Will- Slay+4 Stlth+}
  2499 | D        | Got the Treatise on Glaciation
  2509 | D        | Got the ring of Peczus {*Corrode Fly rC+ Int+5 SInv}
  2539 | D        | Entered arena 23.
  2549 | D        | Learned a level 2 spell: Wereblood
  2561 | D        | Noticed an electric golem
  2561 | D        | Noticed an electric golem
  2561 | D        | Noticed an electric golem
  2561 | D        | Noticed an electric golem
  2561 | D        | Noticed a storm dragon
  2561 | D        | Noticed an electric golem
  2561 | D        | Paralysed by an air elemental for 1 turns
  2561 | D        | Noticed a storm dragon
  2562 | D        | Noticed a titan
  2562 | D        | Noticed a titan
  2562 | D        | Noticed a titan
  2563 | D        | Noticed a titan
  2563 | D        | Noticed a titan
  2563 | D        | Noticed an electric golem
  2564 | D        | Noticed an electric golem
  2565 | D        | Killed an electric golem
  2565 | D        | Noticed a titan
  2566 | D        | Killed an electric golem
  2567 | D        | Killed an electric golem
  2567 | D        | Paralysed by an air elemental for 1 turns
  2567 | D        | Identified the +7 dagger of Esuodat {freeze, rElec}
  2568 | D        | Killed a storm dragon
  2568 | D        | Noticed a titan
  2569 | D        | Killed an electric golem
  2569 | D        | Killed a titan
  2569 | D        | Killed a titan
  2569 | D        | Killed a titan
  2570 | D        | Reached XP level 16. HP: 38/168 MP: 29/31
  2573 | D        | HP: 1/168 [titan/the air (18)]
  2573 | D        | Slain by a storm dragon

Illustrated notes

Levels and vault maps discovered:
D:        sprint_v [room_start, room_1, room_2, room_3, room_4, room_5, room_6,
          room_7, room_8, room_9, room_10, room_11, room_12, room_13, room_14,
          room_15, room_16, room_17, room_18, room_19, room_20, room_21,
          room_22, room_23, room_24, room_25, room_26, room_27]

Skill      XL: |  1  2  3  4  5  6  7  8  9 10 11 12 13 14 15 |
---------------+----------------------------------------------+-----
Fighting       | 6 7 8 9 10 11 12 13 14 16 19 21 | 21.8
Polearms       | 3 4 7 10 12 13 14 15 17 20 22 | 22.4
Armour         | 6 7 9 10 11 12 13 15 18 21 | 21.1
Shields        | 6 8 9 10 12 14 16 19 23 25 27 | 27.0
Invocations    | 3 4 5 6 7 9 10 12 13 16 19 21 24 | 24.1
Evocations     | 2 3 4 6 10 14 | 14.6
Dodging        | 1 2 3 4 |  4.7
Stealth        | 5 9 13 | 13.1

Action                   |  1- 3 |  4- 6 |  7- 9 | 10-12 | 13-15 | 16-18 || total
-------------------------+-------+-------+-------+-------+-------+-------++-------
Melee: Lance             |     4 |    22 |    70 |   181 |   208 |       ||   485
       Headbutt          |     1 |     5 |     9 |    45 |    63 |       ||   123
Throw: Javelin           |       |       |       |     1 |       |       ||     1
Invok: Greater Servant o |       |       |       |     5 |     3 |     1 ||     9
       Lesser Servant of |       |       |       |     1 |       |       ||     1
Evoke: Tin of tremorston |       |       |     1 |     6 |    23 |       ||    30
       Lightning rod     |       |       |       |     4 |     3 |       ||     7
       Condenser vane    |       |       |       |     5 |    12 |       ||    17
       Phantom mirror    |       |       |       |     2 |       |       ||     2
  Use: Potion            |     1 |       |     3 |    13 |     1 |     3 ||    21
 Stab: Confused          |       |       |       |       |     2 |       ||     2
       Distracted        |       |       |       |       |     1 |       ||     1
       Petrified         |       |       |       |       |     4 |       ||     4
Armor: Plate armour      |     2 |    38 |    24 |   151 |    91 |    17 ||   323
Dodge: Dodged            |       |     1 |     7 |    22 |    18 |     4 ||    52
Block: Kite shield       |     4 |    57 |    98 |   365 |   211 |    16 ||   751
       Reflection        |       |       |       |     5 |     7 |       ||    12

Table legend: (Time is in decaauts)
 A = Elapsed time spent in this place.
 B = Non-inter-level travel time spent in this place.
 C = Inter-level travel time spent in this place.
 D = Time resting spent in this place.
 E = Time spent auto-exploring this place.
 F = Levels seen in this place.
 G = Mean time per level.
                   A        B        C        D        E       F      G
               +--------+--------+--------+--------+--------+-----+--------+
         Total |   2546 |   2540 |      6 |   1184 |      0 |   1 | 2546.0 |
       Dungeon |   2546 |   2540 |      6 |   1184 |      0 |   1 | 2546.0 |
               +--------+--------+--------+--------+--------+-----+--------+

Top non-repeatable levels by time:
       D: 2546 daAuts
